 Dungeon Crawl Stone Soup version 0.31-a0-271-gb88eb75e06 (webtiles) character file.

Game seed: 7878388203808611815

46 qw the Shooter (level 3, -7/29 HPs)
             Began as a Minotaur Hexslinger on July 14, 2023.
             Killed by nerve-wracking pain
             ... invoked by an orc priest
              (12 damage)
             ... on level 3 of the Dungeon.
             The game lasted 00:00:27 (1243 turns).

qw the Shooter (Minotaur Hexslinger)                Turns: 1243, Time: 00:00:27

Health: -7/29      AC: 10    Str: 12    XL:     3   Next: 44%
Magic:  3/3        EV: 11    Int: 10    God:
Gold:   125        SH:  0    Dex: 14    Spells: 3/4 levels left

rFire   . . .        Y - +1 sling (freeze)
rCold   . . .        (no shield)
rNeg    . . .        b - +0 ring mail
rPois   .            (helmet restricted)
rElec   .            h - +0 cloak
rCorr   .            (no gloves)
SInv    .            (no boots)
Will    .....        d - amulet of regeneration
Stlth   +            k - +4 ring of protection
HPRegen 1.04/turn    (no ring)
MPRegen 0.08/turn

%: no passive effects
@: no status effects
A: horns 2, retaliatory headbutt
a: no special abilities


You were on level 3 of the Dungeon.
You visited 1 branch of the dungeon, and saw 3 of its levels.

You collected 125 gold pieces.


Innate Abilities, Weirdness & Mutations

You have a pair of horns on your head.
You reflexively headbutt those who attack you in melee.


   Skills:
 - Level 2.0 Fighting
 - Level 4.0 Ranged Weapons
 + Level 0.2 Armour
 - Level 2.1 Dodging
 - Level 1.0 Spellcasting
 - Level 2.0 Hexes


You had 3 spell levels left.
You knew the following spells:

 Your Spells              Type           Power      Damage    Failure   Level
a - Slow                  Hex            16%        N/A       34%         1

Your spell library contained the following spells:

 Spells                   Type           Power      Damage    Failure   Level
 Inner Flame              Hex/Fire       2%         N/A       83%         3
 Portal Projectile        Hex/Tloc       4%         N/A       83%         3
 Cause Fear               Hex            2%         N/A       98%         4

Inventory:

Hand Weapons
 Y - a +1 sling of freezing (weapon)
Armour
 b - a +0 ring mail (worn)
 h - a +0 cloak (worn)
Jewellery
 d - an amulet of regeneration (around neck)
 k - a +4 ring of protection (left hand)
Scrolls
 a - a scroll of identify
Potions
 e - a potion of berserk rage {unknown}
 i - a potion of curing {unknown}
 j - a potion of might {unknown}

Dungeon Overview and Level Annotations

Branches:
Dungeon (3/15)

Altars:


Message History

You are frozen.
You shoot a sling bullet. The sling bullet hits the endoplasm!
The sling bullet freezes the endoplasm.
You kill the endoplasm!
You shoot a sling bullet. The sling bullet barely misses the orc.
The sling bullet barely misses the orc priest.
The sling bullet hits the orc.
The sling bullet freezes the orc.
The orc is severely wounded.
The orc priest invokes the aid of Beogh against you.
Beogh smites you!
You shoot a sling bullet. The sling bullet hits the orc.
The sling bullet freezes the orc.
You kill the orc!
The orc hits you but does no damage. x2; The orc hits you with a +0 falchion.
An endoplasm comes into view.
Your Ranged Weapons skill increases to level 4!
You shoot a sling bullet. The endoplasm quivers.
The sling bullet hits the orc priest.
The sling bullet freezes the orc priest.
The orc priest is lightly wounded.
The orc priest hits you but does no damage.
The orc barely misses you. The orc misses you. You furiously retaliate!
You headbutt the orc!
You kill the orc!
The endoplasm barely misses you.
You shoot a sling bullet.
The sling bullet barely misses the orc priest.
The orc barely misses you.
The orc priest calls upon Beogh to heal the orc.
The orc's wounds heal themselves!
The endoplasm hits you but does no damage.
You shoot a sling bullet. The sling bullet hits the orc priest.
The sling bullet freezes the orc priest.
The orc priest is heavily wounded.
The orc closely misses you. The orc priest hits you with a +0 club.
The endoplasm misses you. The orc barely misses you.
The orc priest calls down the wrath of Beogh upon you.
Pain shoots through your body!
You die...

#.#............
#.############. #.# #.
#.# #. #%# #.
..########.## #######.
...........# #.......
..###.J.....# #.......
......)@o...#####.......
....#'')#...%<..%.......
... #..o#...#####.......
#...#..... #.......
#..J#...### #.......
#...#...# ########
#...##..# #...###.. ...


You could see an orc priest, an orc and 2 endoplasms.

Vanquished Creatures
  2 orcs (D:3)
  5 endoplasms
  4 giant cockroaches
  4 goblins (D:1)
  2 hobgoblins (D:1)
  3 jackals (D:2)
  3 kobolds (D:1)
  2 quokkas
  6 ball pythons
  2 bats (D:1)
  4 rats
37 creatures vanquished.

Notes
Turn   | Place    | Note
-------+----------+-------------------------------------------
     0 | D:1      | qw the Minotaur Hexslinger began the quest for the Orb.
     0 | D:1      | Reached XP level 1. HP: 16/16 MP: 1/1
     0 | D:1      | 0 ||| qw: Version: 0.3-a-52-g30416fa
     0 | D:1      | 0 ||| qw: Game counter: 7955
     0 | D:1      | 0 ||| qw: Melee chars always use a shield: true
     0 | D:1      | 0 ||| qw: God list: Okawaru
     0 | D:1      | 0 ||| qw: Allow faded altars: false
     0 | D:1      | 0 ||| qw: Do Orc after clearing Dungeon:15 true
     0 | D:1      | 0 ||| qw: Do second Lair branch before Depths: true
     0 | D:1      | 0 ||| qw: Lair rune preference: random
     0 | D:1      | 0 ||| qw: Goals: Normal
     0 | D:1      | 0 ||| PLANNING D:1-11
    81 | D:1      | Reached skill level 3 in Ranged Weapons
    81 | D:1      | 81 ||| FLEEEEING.
    85 | D:1      | Reached XP level 2. HP: 21/23 MP: 2/2
   292 | D:1      | Found a faded altar of an unknown god.
   522 | D:1      | 522 ||| UPGRADING to +0 cloak.
   527 | D:1      | 527 ||| UPGRADING to +4 ring of protection.
   528 | D:1      | 528 ||| READING 2 scrolls labelled VINONN VELIRCHUGUE.
   529 | D:1      | 529 ||| READING scroll labelled KOIG DIOSEY.
   533 | D:1      | 533 ||| READING scroll labelled EMUTWI SALO.
   534 | D:1      | 534 ||| DROPPING scroll of poison.
   576 | D:2      | Reached XP level 3. HP: 24/29 MP: 3/3
  1104 | D:2      | 1104 ||| UPGRADING to +0 ring mail.
  1114 | D:2      | 1114 ||| DROPPING +0 robe.
  1115 | D:2      | 1115 ||| UPGRADING to amulet of regeneration.
  1120 | D:2      | 1120 ||| READING scroll labelled DILEOQ OLOAJY.
  1196 | D:3      | 1196 ||| READING scroll of brand weapon.
  1196 | D:3      | 1196 ||| BRANDING +1 sling of draining.
  1239 | D:3      | HP: 3/29 [orc priest/divine providence (8)]
  1241 | D:3      | Reached skill level 4 in Ranged Weapons
  1243 | D:3      | Killed from afar by an orc priest

Levels and vault maps discovered:
D:1:      psy_arrival_radial01, layout_rooms,
          shapermc_ecumenical_altar_mp_ritualfount
D:2:      layout_loops_ring, chequers_serial_rivers_micro_b, hex_medium,
          hangedman_decor_growths
D:3:      layout_loops_cross, mainiacjoe_overflow_alcove_4,
          kennysheep_cross_bottleneck

Skill      XL: |  1  2  3 |
---------------+----------+-----
Ranged Weapons | 3 4 |  4.0
Fighting       | 2 |  2.0
Armour         | |  0.2
Dodging        | |  2.1
Spellcasting   | |  1.0
Hexes          | |  2.0

Action                     || total
---------------------------++-------
   Fire: Sling             ||    82
    Use: Scroll            ||     5
 Armour: Robe              ||    11
         Ring mail         ||     8
  Dodge: Dodged            ||    34

Table legend:
 A = Non-vault XP
 B = Vault XP
 C = Vault XP percentage of total XP
 D = Non-vault monster count
 E = Vault monster count
 F = Vault count percentage of total count
                 A         B        C        D         E       F
            +---------+---------+-------+---------+---------+-------
      Total |      66 |       0 |   0.0 |      37 |       0 |   0.0
            +---------+---------+-------+---------+---------+-------
        D:1 |      29 |       0 |   0.0 |      18 |       0 |   0.0
        D:2 |      22 |       0 |   0.0 |      12 |       0 |   0.0
        D:3 |      15 |       0 |   0.0 |       7 |       0 |   0.0
            +---------+---------+-------+---------+---------+-------
